 Dungeon Crawl Stone Soup version 0.22-a0-512-g0943f25 (webtiles) character file.

301 Mgcat the Chopper (level 6, 0/47 HPs)
             Began as a Human Fighter on June 18, 2018.
             Slain by an orc warrior
             ... wielding a +0 battleaxe
              (25 damage)
             ... on level 4 of the Dungeon.
             The game lasted 00:06:21 (2940 turns).

Mgcat the Chopper (Human Fighter)                   Turns: 2940, Time: 00:06:22

Health: 0/47       AC:  6    Str: 23    XL:     6   Next: 64%
Magic:  6/6        EV:  9    Int:  8    God:
Gold:   149        SH:  7    Dex: 13    Spells: 5/5 levels left

rFire    . . .     SeeInvis .   a - +0 war axe
rCold    . . .     Gourm    .   h - +0 buckler
rNeg     . . .     Faith    .   b - +0 scale mail
rPois    .         Spirit   .   (no helmet)
rElec    .         Reflect  +   (no cloak)
rCorr    .         Harm     .   (no gloves)
MR       .....                  (no boots)
Stlth    ..........             q - +3 amulet of reflection
HPRegen  0.15/turn              (no ring)
MPRegen  0.10/turn              (no ring)

@: mighty
A: no striking features
a: no special abilities


You were on level 4 of the Dungeon.
You were not hungry.

You visited 1 branch of the dungeon, and saw 4 of its levels.

You collected 149 gold pieces.

Inventory:

Hand Weapons
 a - a +0 war axe (weapon)
Armour
 b - a +0 scale mail (worn)
 c - a +0 shield
 h - a +0 buckler (worn)
   (You found it on level 1 of the Dungeon)
Jewellery
 q - a +3 amulet of reflection (around neck)
   (You found it on level 2 of the Dungeon)
 r - an uncursed amulet of magic regeneration {unknown}
   (You found it on level 2 of the Dungeon)
Wands
 n - a wand of acid (10)
   (You found it on level 2 of the Dungeon)
 y - a wand of iceblast (9)
   (You found it on level 4 of the Dungeon)
Scrolls
 e - a scroll of fog {unknown}
 g - 2 scrolls of fear {unknown}
 k - 2 scrolls of enchant weapon {unknown}
 l - 3 scrolls of enchant armour {unknown}
 m - 3 scrolls of remove curse {unknown}
 o - 3 scrolls of teleportation {unknown}
 u - a scroll of random uselessness {unknown}
 v - a scroll of identify {unknown}
Potions
 d - a potion of might
 i - a potion of haste {unknown}
 j - 3 potions of mutation {unknown}
 p - a potion of berserk rage {unknown}
 s - a potion of degeneration {unknown}
 t - a potion of lignification {unknown}
 x - a potion of heal wounds {unknown}
 z - a potion of ambrosia {unknown}
Comestibles
 f - 4 rations
 w - 5 chunks of flesh {@w0}


   Skills:
 - Level 3.0 Fighting
 + Level 6.5 Axes
 - Level 3.0 Armour
 - Level 3.0 Shields


You had 5 spell levels left.
You didn't know any spells.
Your spell library was empty.

Dungeon Overview and Level Annotations

Branches:
Dungeon (4/15)
 Temple: D:4-7

Altars:

Shops:
D:4 (


Message History

You hit the orc.
You kill the orc!
You hit the orc. You block the orc's attack.
You hit the orc but do no damage.
The orc is severely wounded.
The orc hits you but does no damage.
You slash the orc!
You kill the orc!
No target in view!
No target in view!
No target in view!
No target in view!
You now have 136 gold pieces (gained 14).
Things that are here:
a club; a leather armour; an orc corpse You butcher the orc corpse.
w - a chunk of flesh {@w0}
Things that are here:
a club; a leather armour
Things that are here:
a club; a leather armour
Things that are here:
a dagger; a scale mail; an orc corpse You butcher the orc corpse.
w - 3 chunks of flesh {@w0} (gained 2)
Things that are here:
a dagger; a scale mail
Things that are here:
a dagger; a scale mail You butcher the orc corpse.
w - 6 chunks of flesh {@w0} (gained 3)
Things that are here:
a dagger; a scale mail Key pressed, stopping explore.
g - 2 scrolls labeled QYGOIMATOK (gained 1) Eating one of 6 chunks of flesh {@w0}.
You eat one of the 6 chunks of flesh {@w0}.
This raw flesh tastes terrible.
You now have 149 gold pieces (gained 13).
x - a puce potion
l - 3 scrolls labeled SEGHUIJ WAI (gained 1)
You open the door.
There is an open door here.
y - a wand of iceblast (9)
z - a fizzy emerald potion
There is an open door here.
There is an open door here.
An orc comes into view. It is wielding a mace.
The orc shouts!
You hear a shout! x2
An orc comes into view. It is wielding a dagger.
An orc warrior comes into view. It is wielding a battleaxe.
Okay, then.
The orc warrior shouts!
You hit the orc.
The orc is lightly wounded.
The orc barely misses you.
You barely miss the orc.
The orc is lightly wounded.
You block the orc's attack.
You barely miss the orc.
The orc is lightly wounded.
The orc barely misses you.
You slash the orc!
You kill the orc!
You feel very mighty all of a sudden. The orc hits you but does no damage.
You closely miss the orc. You block the orc's attack.
You hit the orc warrior.
The orc warrior is lightly wounded.
The orc warrior hits you with a battleaxe!!
You barely miss the orc warrior.
The orc warrior is lightly wounded.
You block the orc warrior's attack.
Your scale mail prevents you from hitting the orc warrior.
The orc warrior is lightly wounded.
The orc warrior barely misses you.
You barely miss the orc warrior.
The orc warrior is lightly wounded.
Your scale mail prevents you from hitting the orc warrior.
The orc warrior is lightly wounded.
The orc warrior hits you with a battleaxe.
An orc comes into view. It is wielding a club.
The orc moves out of view.
You closely miss the orc warrior.
The orc warrior is lightly wounded.
The orc warrior misses you.
You closely miss the orc warrior.
The orc warrior is lightly wounded.
The orc warrior closely misses you.
You barely miss the orc warrior.
The orc warrior is lightly wounded.
You block the orc warrior's attack.
You slash the orc warrior!
The orc warrior is severely wounded.
The orc warrior barely misses you.
You completely miss the orc warrior.
The orc warrior is severely wounded.
The orc warrior hits you with a battleaxe!!
Ouch! That really hurt!
You die...

#.... #. .... ####. ...#
#.... ..o# #.#.. #..#
#.#.# #.. #...# #o#
#..## #o# #..# ####@###
#∩## #......# ##.#
#.##.#.# #..#
#.##.#.#########.##
######.##...........#.#
##...........#######.#.#
##.###.#.#....# #...#
#..# #.#......# #..##
#..###.#.#....# #))#


You could see an orc warrior and 2 orcs.

Vanquished Creatures
  3 jellies (D:2)
  An orc priest (D:4)
  2 adders
  11 oozes
  3 worms
  A leopard gecko (D:3)
  6 orcs
  A ball python (D:3)
  4 giant cockroaches
  11 goblins
  6 hobgoblins
  8 jackals (D:1)
  2 quokkas
  4 bats
  11 frilled lizards
  21 kobolds
  10 rats
105 creatures vanquished.

Vanquished Creatures (others)
  9 toadstools (D:2)
9 creatures vanquished.

Grand Total: 114 creatures vanquished

Notes
Turn   | Place    | Note
-------+----------+-------------------------------------------
     0 | D:1      | Mgcat the Human Fighter began the quest for the Orb.
     0 | D:1      | Reached XP level 1. HP: 18/18 MP: 1/1
    41 | D:1      | Reached XP level 2. HP: 22/24 MP: 2/2
    80 | D:1      | Reached skill level 3 in Axes
   188 | D:1      | Reached XP level 3. HP: 24/29 MP: 3/3
   523 | D:1      | Reached skill level 4 in Axes
   523 | D:1      | Reached XP level 4. HP: 35/35 MP: 4/4
  1262 | D:2      | Reached XP level 5. HP: 35/41 MP: 5/5
  1302 | D:2      | Reached skill level 5 in Axes
  1324 | D:2      | Reached XP level 6. HP: 18/47 MP: 6/6
  1361 | D:2      | HP: 11/47 [jelly (2)]
  1361 | D:2      | HP: 1/47 [acid (10)]
  1666 | D:2      | Reached skill level 6 in Axes
  2749 | D:4      | Found Foskyrhi's Antique Weapon Shop.
  2920 | D:4      | Noticed an orc warrior
  2940 | D:4      | Slain by an orc warrior

Vault maps used:
D:1:      erik_arrival_gehennom
D:2:      cheibrodos_fertilizer
D:4:      first_ration, serial_shops, shop, tso_altar

Skill      XL: |  1  2  3  4  5  6 |
---------------+-------------------+-----
Axes           | 3 4 5 6 |  6.5
Fighting       | |  3.0
Armour         | |  3.0
Shields        | |  3.0

Action                   |  1- 3 |  4- 6 || total
-------------------------+-------+-------++-------
Melee: War axe           |    94 |   180 ||   274
  Use: Potion            |       |     1 ||     1
  Eat: Chunk             |       |     7 ||     7
Armor: Scale mail        |    38 |    57 ||    95
Dodge: Dodged            |    47 |    49 ||    96
Block: Shield            |    13 |       ||    13
       Buckler           |    15 |    63 ||    78
       Reflection        |       |     2 ||     2

Table legend:
 A = Spawn XP
 B = Non-spawn XP
 C = Spawn XP percentage of total XP
 D = Spawn monster count
 E = Non-spawn monster count
 F = Spawn count percentage of total count
 G = Total turns spent on level
                    A         B        C        D         E        F      G
               +---------+---------+-------+---------+---------+-------+---------
         Total |       0 |     431 |   0.0 |       0 |     105 |   0.0 |  2940
               +---------+---------+-------+---------+---------+-------+---------
           D:1 |       0 |      72 |   0.0 |       0 |      37 |   0.0 |   872
           D:2 |       0 |     246 |   0.0 |       0 |      41 |   0.0 |   990
           D:3 |       0 |      58 |   0.0 |       0 |      22 |   0.0 |   783
           D:4 |       0 |      55 |   0.0 |       0 |       5 |   0.0 |   295
               +---------+---------+-------+---------+---------+-------+---------

Vault maps used:
D:1:      erik_arrival_gehennom
D:2:      cheibrodos_fertilizer
D:4:      first_ration, serial_shops, shop, tso_altar

Table legend:
 A = Turns spent in this place as a percentage of turns spent in the entire game.
 B = Non-inter-level travel turns spent in this place as a percentage of non-inter-level travel turns spent in the entire game.
 C = Inter-level travel turns spent in this place as a percentage of turns spent in this place.
 D = Turns resting spent in this place as a percentage of non-inter-level travel turns spent in this place.
 E = Turns spent auto-exploring this place as a percentage of non-inter-level travel turns spent in this place.
 F = Non-inter-level travel turns spent in this place divided by the number of levels of this place that you've seen.
                   A       B       C       D       E      F
               +-------+-------+-------+-------+-------+----------------------
         Total | 100.0 | 100.0 |   3.9 |   7.0 |  68.5 | 706.0
       Dungeon | 100.0 | 100.0 |   3.9 |   7.0 |  68.5 | 706.0
               +-------+-------+-------+-------+-------+----------------------

Table legend:
 A = Kills in this place as a percentage of kills in entire the game.
 B = Kills by you in this place as a percentage of kills by you in the entire game.
 C = Kills by friends in this place as a percentage of kills by friends in the entire game.
 D = Other kills in this place as a percentage of other kills in the entire game.
 E = Experience gained in this place as a percentage of experience gained in the entire game.
 F = Experience gained in this place divided by the number of levels of this place that you have seen.
                   A       B       C       D       E      F
               +-------+-------+-------+-------+-------+----------------------
         Total | 100.0 | 100.0 |   N/A |   N/A | 100.0 | 107.8
       Dungeon | 100.0 | 100.0 |   N/A |   N/A | 100.0 | 107.8
               +-------+-------+-------+-------+-------+----------------------
